 Dungeon Crawl Stone Soup version 0.18.1-6-gd335043 (webtiles) character file.

2348 M4edhros the Spear-Bearer (level 9, -5/64 HPs)
             Began as a Formicid Fighter on May 16, 2016.
             Was a Believer of Dithmenos.
             Slain by a gnoll
             ... wielding a +0 flail
              (11 damage)
             ... on level 6 of the Dungeon.
             The game lasted 00:08:21 (6482 turns).

M4edhros the Spear-Bearer (Formicid Fighter)        Turns: 6482, Time: 00:08:22

Health: -5/64      AC:  6    Str: 21    XL:     9   Next: 71%
Magic:  9/9        EV: 12    Int: 10    God:    Dithmenos [**....]
Gold:   460        SH: 10    Dex: 18    Spells: 0 memorised, 8 levels left

rFire  . . .     SeeInvis +     a - +0 trident
rCold  . . .     Gourm    .     b - +0 scale mail
rNeg   . . .     Faith    .     c - +0 shield
rPois  .         Spirit   .     (helmet unavailable)
rElec  .         Dismiss  .     (no cloak)
rCorr  .         Reflect  .     (no gloves)
SustAt +         Harm     .     (no boots)
MR     .....     Clarity  +     (no amulet)
Stlth  +.........               (no ring)
                                y - ring of sustain attributes

@: agile, wreathed by umbra, not resistant to hostile enchantments, very
unstealthy
A: permanent stasis, dig shafts and tunnels, four strong arms, antennae 3,
clarity, clever 1, sense surroundings 1
a: Dig, Shaft Self, Shadow Step, Renounce Religion


You were on level 6 of the Dungeon.
You worshipped Dithmenos.
Dithmenos was pleased with you.
You were not hungry.

You visited 2 branches of the dungeon, and saw 7 of its levels.

You collected 460 gold pieces.

Inventory:

Hand Weapons
 a - a +0 trident (weapon)
 n - a +1 dagger of protection
Armour
 b - a +0 scale mail (worn)
 c - a +0 shield (worn)
Jewellery
 y - a ring of sustain attributes (left hand)
Wands
 l - a wand of flame (25/48)
 r - a wand of acid (1/15)
Scrolls
 h - a scroll of amnesia
 i - 2 scrolls of teleportation
 k - a scroll of immolation
 m - a scroll of random uselessness {unknown}
 o - a scroll of noise {unknown}
 s - a scroll of torment {unknown}
 v - a scroll of recharging {unknown}
 x - a scroll of fog {unknown}
Potions
 d - a potion of might
 e - a potion of flight
 p - a potion of magic
 q - a potion of mutation {unknown}
Comestibles
 f - 4 bread rations
 g - 5 meat rations
 j - 3 slices of pizza


   Skills:
 - Level 3.2 Fighting
 + Level 12.2 Polearms
 - Level 3.2 Armour
 - Level 3.6 Shields


You had 8 spell levels left.
You didn't know any spells.

Dungeon Overview and Level Annotations

Branches:
Dungeon (6/15)             Temple (1/1) D:6

Altars:
Cheibriados
Dithmenos
Elyvilon
Fedhas
Gozag
Kikubaaqudgha
Makhleb
Sif Muna
Trog
Zin
The Shining One


Innate Abilities, Weirdness & Mutations

You are under a permanent stasis effect.
You can dig through walls and to a lower floor.
Your four strong arms can wield two-handed weapons with a shield.
You have a pair of large antennae on your head (SInv).
You possess an exceptional clarity of mind.
Your mind is acute. (Int +2)
You passively map a small area around you.


Message History

You swing at nothing.
The gnoll hits you with a flail.
You closely miss the gnoll.
The gnoll is severely wounded.
The gnoll hits you with a flail.
You closely miss the gnoll.
The gnoll is severely wounded.
You hit the gnoll but do no damage.
The gnoll is severely wounded.
The gnoll hits you with a flail!
* * * LOW HITPOINT WARNING * * *
You hit the gnoll but do no damage.
The gnoll is severely wounded.
You hit the gnoll but do no damage.
The gnoll is severely wounded.
The gnoll hits you with a flail.
* * * LOW HITPOINT WARNING * * *
Drink which item? (? for menu, Esc to quit)
You feel agile all of a sudden. The gnoll hits you with a flail!
You die...

≈≈≈≈≈≈≈≈≈≈≈≈≈≈≈≈≈≈≈≈≈≈≈≈≈≈≈≈≈≈≈.)
≈≈#####≈≈≈≈≈≈≈≈≈≈≈≈≈≈≈≈≈≈≈≈≈≈≈≈..
≈≈#{{{###########################
≈≈# , #......## ##.....#.......#.
≈ .{{#.......###......'.......#.
≈ #'##........#.......#########.
#..........g#..............#.. ≈
#....g.....Kg)...........).(.) ≈
#.....)...{{#@.......)...).#()
#..)(((..#.......#########(
{{#...)gg.###......'......,#.
{#......## ##.(...#...... #. ≈*
########***############# ## ** ≈
≈ ≈ ≈{≈ ≈ { ≈ ≈≈ ≈ ≈ * ≈ ≈ ≈


You could see a gnoll, a hobgoblin and a kobold.

Vanquished Creatures
  Grinder (D:4)
  Edmund (D:6)
  An ice beast (D:5)
  2 orc warriors
  2 sky beasts (D:5)
  An ogre (D:6)
  3 centaurs
  A giant frog (D:6)
  A wyvern zombie (D:6)
  2 vampire bats (D:5)
  2 electric eels (D:6)
  A crimson imp (D:6)
  A hound (D:5)
  2 orc priests (D:6)
  A giant frog skeleton (D:6)
  3 iguanas
  6 orc wizards
  7 worker ants
  A worker ant zombie (D:5)
  9 adders
  13 gnolls
  2 oozes
  5 worms
  A dart slug (D:2)
  6 giant geckos
  9 orcs
  2 ball pythons
  7 bats
  5 bat skeletons (D:5)
  2 bat zombies (D:5)
  7 giant cockroaches
  32 goblins
  26 hobgoblins
  6 jackals
  4 quokkas
  4 giant newts
  A jackal skeleton (D:6)
  11 kobolds
  8 rats
199 creatures vanquished.

Notes
Turn   | Place    | Note
--------------------------------------------------------------
     0 | D:1      | M4edhros the Formicid Fighter began the quest for the Orb.
     0 | D:1      | Reached XP level 1. HP: 18/18 MP: 1/1
   130 | D:1      | Reached XP level 2. HP: 18/24 MP: 2/2
   275 | D:1      | Reached skill level 3 in Polearms
   527 | D:1      | Reached XP level 3. HP: 29/29 MP: 3/3
   847 | D:2      | Found a deep blue altar of Sif Muna.
   878 | D:2      | Reached skill level 4 in Polearms
   878 | D:2      | Reached XP level 4. HP: 32/35 MP: 4/4
  1757 | D:3      | Reached XP level 5. HP: 30/41 MP: 5/5
  1873 | D:3      | Reached skill level 5 in Polearms
  2122 | D:4      | Reached XP level 6. HP: 43/47 MP: 6/6
  2138 | D:4      | Noticed Grinder
  2158 | D:4      | Reached skill level 6 in Polearms
  2169 | D:4      | Killed Grinder
  2169 | D:4      | Reached skill level 7 in Polearms
  2169 | D:4      | Reached XP level 7. HP: 37/52 MP: 7/7
  2449 | D:4      | Got an iridescent falchion
  2450 | D:4      | Identified the cursed +2 falchion "Zoysmen" {drain, rC+ MR- MP+9} (You found it on level 4 of the Dungeon)
  2477 | D:5      | Entered Level 5 of the Dungeon
  2683 | D:5      | Reached skill level 8 in Polearms
  2826 | D:5      | Reached XP level 8. HP: 35/58 MP: 8/8
  2830 | D:5      | Gained mutation: You regenerate slowly when monsters are visible. [mutagenic meat]
  2831 | D:5      | Gained mutation: You possess an exceptional clarity of mind. [mutagenic meat]
  2832 | D:5      | Gained mutation: You passively map a small area around you. [mutagenic meat]
  2833 | D:5      | Gained mutation: Your mind is acute. (Int +2) [mutagenic meat]
  2834 | D:5      | Lost mutation: You regenerate slowly when monsters are visible. [mutagenic meat]
  2855 | D:5      | Found a glowing golden altar of the Shining One.
  2990 | D:5      | Found an ancient bone altar of Kikubaaqudgha.
  3026 | D:5      | Reached skill level 9 in Polearms
  3254 | D:6      | Reached skill level 10 in Polearms
  3348 | D:6      | Reached XP level 9. HP: 12/64 MP: 9/9
  3692 | D:6      | Found a staircase to the Ecumenical Temple.
  3732 | Temple   | Entered the Ecumenical Temple
  3748 | Temple   | Became a worshipper of Dithmenos the Shadowed
  4177 | D:2      | Found a faded altar to an unknown god.
  4746 | D:6      | Reached skill level 11 in Polearms
  5154 | D:6      | Reached * piety under Dithmenos
  5326 | D:6      | HP: 2/64 [orc wizard/magic dart (8)]
  5599 | D:6      | Noticed Edmund
  5632 | D:6      | Killed Edmund
  5632 | D:6      | Reached skill level 12 in Polearms
  6231 | D:6      | Reached ** piety under Dithmenos
  6482 | D:6      | Slain by a gnoll

Skill      XL: |  1  2  3  4  5  6  7  8  9 |
---------------+----------------------------+-----
Polearms       | 3 4 5 7 8 10 12 | 12.2
Fighting       | |  3.2
Armour         | |  3.2
Shields        | |  3.6

Action                   |  1- 3 |  4- 6 |  7- 9 || total
-------------------------+-------+-------+-------++-------
Melee: Trident           |    92 |   120 |   606 ||   818
       Dagger            |    14 |    51 |       ||    65
Evoke: Wand              |       |       |     9 ||     9
  Use: Potion            |       |     5 |     6 ||    11
       Scroll            |       |       |    10 ||    10
  Eat: Chunk             |       |     4 |    15 ||    19
       Meat ration       |       |       |     1 ||     1
Armor: Scale mail        |    33 |    36 |   115 ||   184
       Skin              |       |       |     5 ||     5
Dodge: Dodged            |    29 |    43 |   130 ||   202
Block: Shield            |    47 |    63 |   230 ||   340
